[Event "42nd Olympiad Baku 2016 Women"]
[Site "Baku"]
[Date "2016.09.04"]
[Round "3.7"]
[White "De Seroux, Camille"]
[Black "Jose Polanco, Kenia"]
[Result "1-0"]
[ECO "B27"]
[WhiteElo "2101"]
[BlackElo "1923"]
[Annotator ""]
[PlyCount "115"]
[EventDate "2016.??.??"]
[EventCountry "AZE"]
[SourceTitle "playchess.com"]
[Source "ChessBase"]
[WhiteTeam "Switzerland"]
[BlackTeam "Dominican Republic"]
[WhiteTeamCountry "SUI"]
[BlackTeamCountry "DOM"]
[TimeControl "40/5400+30:1800+30"]

1. e4 {(00:00)} c5 {(00:00)} 2. Nf3 {(00:00)} g6 {(
00:00)} 3. c3 {(00:00)} Bg7 {(00:00)} 4. d4 {(01:21)} cxd4
{(00:00)} 5. cxd4 {(00:52)} d5 {(00:00)} 6. e5 {(
16:40)} Bg4 {(00:05)} 7. Nc3 {(04:15)} Bxf3 {(06:01)} 8.
Qxf3 {(01:52)} e6 {(00:32)} 9. Nb5 {(09:18)} Bf8 {(
07:53)} 10. a3 {(07:50)} a6 {(03:24)} 11. Bg5 {(06:48)}
Qd7 {(03:00)} 12. Nc3 {(07:17)} Nc6 {(20:01)} 13. Qe3 {
(00:48)} Nce7 {(03:10)} 14. g4 {(05:43)} h5 {(04:
53)} 15. f3 {(02:26)} Bg7 {(08:08)} 16. O-O-O {(04:05)}
O-O-O {(03:33)} 17. Bd3 {(00:43)} Kb8 {(02:09)} 18. Kb1 {
(00:28)} Rc8 {(01:09)} 19. Rc1 {(01:05)} hxg4 {(12:
23)} 20. fxg4 {(00:33)} f6 {(00:38)} 21. exf6 {(02:50)}
Nxf6 {(05:57)} 22. Bxf6 {(01:04)} Bxf6 {(01:27)} 23. Qf4+
{(00:37)} e5 {(00:02)} 24. Qxf6 {(00:47)} exd4 {(
00:10)} 25. Qxd4 {(01:09)} Rcd8 {(06:23)} 26. Rhe1 {(02:
06)} Ka8 {(01:33)} 27. Na4 {(02:46)} Qd6 {(01:16)} 28. Qe5
{(01:48)} Qxe5 {(01:12)} 29. Rxe5 {(00:06)} Nc6 {(
01:05)} 30. Rxd5 {(02:38)} Rxd5 {(00:06)} 31. Nb6+ {(00:
03)} Ka7 {(00:19)} 32. Nxd5 {(00:07)} Rxh2 {(00:28)} 33.
Bxg6 {(00:39)} Ne5 {(00:25)} 34. Bf5 {(01:00)} Rg2 {
(00:28)} 35. Nf6 {(01:33)} Rf2 {(00:40)} 36. Ne4 {(
07:12)} Rf4 {(00:57)} 37. Rg1 {(04:28)} Nxg4 {(01:24)} 38.
Rxg4 {(01:23)} Rxf5 {(00:02)} 39. Rg7 {(00:08)} Rd5 {
(00:34)} 40. Kc2 {(00:00)} Kb6 {(00:00)} 41. b4 {(
02:37)} a5 {(06:57)} 42. Nc5 {(02:15)} axb4 {(00:53)} 43.
axb4 {(00:11)} Kb5 {(03:31)} 44. Rxb7+ {(02:22)} Kc4 {
(03:22)} 45. Nb3 {(01:19)} Rh5 {(02:30)} 46. Na5+ {
(00:44)} Kd4 {(00:53)} 47. Rd7+ {(00:13)} Ke4 {(01:
10)} 48. Kb3 {(00:15)} Rh1 {(00:46)} 49. Ka4 {(00:40)}
Ra1+ {(00:53)} 50. Kb5 {(00:10)} Rb1 {(00:57)} 51. Kc5 {
(00:16)} Rh1 {(04:25)} 52. b5 {(00:24)} Rh5+ {(01:
01)} 53. Kc6 {(00:43)} Rh6+ {(01:47)} 54. Rd6 {(00:19)}
Rh7 {(00:22)} 55. b6 {(00:19)} Rh1 {(01:07)} 56. b7 {
(00:18)} Rc1+ {(00:40)} 57. Kd7 {(00:15)} Rb1 {(00:
36)} 58. Kc7 {(00:05] Kd5} 1-0

[Event "42nd Olympiad Baku 2016 Women"]
[Site "Baku"]
[Date "2016.09.04"]
[Round "3.19"]
[White "Dekic, Biljana N"]
[Black "Jacobs, Annelaine"]
[Result "1-0"]
[ECO "B09"]
[WhiteElo "2064"]
[BlackElo "1679"]
[Annotator ""]
[PlyCount "96"]
[EventDate "2016.??.??"]
[EventCountry "AZE"]
[SourceTitle "playchess.com"]
[Source "ChessBase"]
[WhiteTeam "AUS"]
[BlackTeam "ARU"]
[WhiteTeamCountry "AUS"]
[TimeControl "40/5400+30:1800+30"]

1. e4 {(00:00)} d6 {(00:00)} 2. d4 {(00:04)} Nf6 {(
00:00)} 3. Nc3 {(01:56)} g6 {(00:00)} 4. f4 {(01:19)} Bg7
{(00:28)} 5. Nf3 {(00:13)} O-O {(00:44)} 6. Bd3 {(
02:05)} c6 {(08:09)} 7. O-O {(00:44)} Nbd7 {(04:47)} 8. e5
{(03:39)} dxe5 {(04:08)} 9. fxe5 {(00:19)} Nd5 {(
01:58)} 10. Nxd5 {(03:20)} cxd5 {(00:08)} 11. c3 {(00:17)}
Qb6 {(08:21)} 12. Kh1 {(00:25)} f6 {(05:38)} 13. exf6 {
(04:02)} exf6 {(09:03)} 14. Qe2 {(03:29)} Qd6 {(01:
17)} 15. a4 {(00:46)} a5 {(06:10)} 16. Re1 {(03:16)} Nb6 {
(03:29)} 17. b3 {(09:05)} Qc6 {(04:46)} 18. Bd2 {(
03:21)} Bg4 {(00:41)} 19. h3 {(02:36)} Bxf3 {(03:45)} 20.
Qxf3 {(00:08)} Rac8 {(05:22)} 21. Re7 {(01:36)} Rf7 {
(05:56)} 22. Rae1 {(02:04)} Rxe7 {(02:49)} 23. Rxe7 {
(00:08)} Rd8 {(08:26)} 24. Bb5 {(01:22)} Qc8 {(00:
35)} 25. Bf4 {(02:02)} Na8 {(05:46)} 26. Qe3 {(07:20)} Bf8
{(01:29)} 27. Qe6+ {(05:30)} Qxe6 {(00:46)} 28. Rxe6 {
(00:02)} Kf7 {(01:33)} 29. Re3 {(00:25)} Be7 {(04:
24)} 30. g4 {(04:46)} Bd6 {(01:12)} 31. Bxd6 {(02:09)}
Rxd6 {(00:06)} 32. Re8 {(00:20)} Nc7 {(00:12)} 33. Rb8 {
(00:06)} Rb6 {(03:04)} 34. c4 {(00:19)} dxc4 {(00:
51)} 35. bxc4 {(00:06)} Nxb5 {(00:43)} 36. axb5 {(00:19)}
h5 {(00:39)} 37. Ra8 {(00:12)} Rd6 {(00:31)} 38. d5 {
(04:44)} hxg4 {(00:22)} 39. hxg4 {(00:05)} b6 {(00:
29)} 40. Ra7+ {(00:00)} Ke8 {(00:00)} 41. Kg2 {(06:04)}
Kd8 {(05:04)} 42. Kf3 {(01:07)} Rd7 {(02:15)} 43. Ra6 {
(01:02)} Kc7 {(08:49)} 44. Ke4 {(01:04)} Re7+ {(10:
50)} 45. Kd4 {(00:12)} f5 {(00:43)} 46. gxf5 {(00:11)}
gxf5 {(00:09)} 47. d6+ {(01:30)} Kxd6 {(00:10)} 48. Rxb6+
{(00:05)} Kd7 {(03:31)} 1-0

[Event "42nd Olympiad Baku 2016 Women"]
[Site "Baku"]
[Date "2016.09.04"]
[Round "3.27"]
[White "Deng Jing Xin Crystal"]
[Black "Cumberbatch, Gabriela"]
[Result "1-0"]
[ECO "D66"]
[WhiteElo "1625"]
[BlackElo "1312"]
[Annotator ""]
[PlyCount "71"]
[EventDate "2016.??.??"]
[EventCountry "AZE"]
[SourceTitle "playchess.com"]
[Source "ChessBase"]
[WhiteTeam "Hong Kong"]
[BlackTeam "Barbados"]
[WhiteTeamCountry "HKG"]
[BlackTeamCountry "BAR"]
[TimeControl "40/5400+30:1800+30"]

1. d4 {(00:00)} d5 {(00:00)} 2. c4 {(00:00)} e6 {(
00:00)} 3. Nc3 {(00:00)} Nf6 {(00:00)} 4. Bg5 {(00:00)}
Be7 {(00:14)} 5. Nf3 {(00:02)} Nbd7 {(00:13)} 6. e3 {
(00:16)} c6 {(02:13)} 7. Rc1 {(02:06)} O-O {(02:45]
} 8. Bd3 {(00:20)} Re8 {(03:44)} 9. O-O {(00:25)} b6 {
(04:07)} 10. Bf4 {(04:35)} Bb7 {(05:40)} 11. Qe2 {(
03:59)} Rc8 {(04:04)} 12. Rfd1 {(02:17)} c5 {(07:29)} 13.
Ne5 {(05:14)} Ba6 {(14:03)} 14. Nb5 {(15:07)} Bxb5 {
(18:48)} 15. cxb5 {(01:15)} Qc7 {(05:21)} 16. Nxf7 {
(03:39)} Qb7 {(07:41)} 17. Ne5 {(03:27)} Bd6 {(03:
47)} 18. Nxd7 {(04:14)} Qxd7 {(00:17)} 19. Bxd6 {(00:31)}
Qxd6 {(00:33)} 20. Bb1 {(03:03)} c4 {(02:53)} 21. Qe1 {
(09:09)} Rf8 {(01:27)} 22. h3 {(00:26)} e5 {(02:34]
} 23. Qd2 {(02:39)} Rf7 {(02:12)} 24. dxe5 {(03:35)} Qxe5
{(00:12)} 25. Qd4 {(00:42)} Qd6 {(01:40)} 26. Rxc4 {
(04:19)} Rxc4 {(00:42)} 27. Qxc4 {(00:11)} Qe5 {(
02:34)} 28. Qc3 {(04:06)} Qh5 {(00:29)} 29. Qc8+ {(01:54)}
Rf8 {(00:38)} 30. Qe6+ {(02:04)} Rf7 {(00:23)} 31. Rc1 {
(00:28)} g6 {(01:42)} 32. Rc7 {(03:17)} g5 {(02:18]
} 33. g4 {(02:16)} Qh6 {(03:17)} 34. Qxf7+ {(00:13)} Kh8 {
(00:13)} 35. Rc8+ {(00:08)} Ng8 {(01:46)} 36. Qxg8# {
(00:06)} 1-0

[Event "42nd Olympiad Baku 2016 Women"]
[Site "Baku"]
[Date "2016.09.04"]
[Round "3.27"]
[White "Deur Saric, Zrinka"]
[Black "Jorquera Cabello, Valentina"]
[Result "1/2-1/2"]
[ECO "B57"]
[WhiteElo "2185"]
[BlackElo "2019"]
[Annotator ""]
[PlyCount "104"]
[EventDate "2016.??.??"]
[EventCountry "AZE"]
[SourceTitle "playchess.com"]
[Source "ChessBase"]
[WhiteTeam "Croatia"]
[BlackTeam "Chile"]
[WhiteTeamCountry "CRO"]
[BlackTeamCountry "CHI"]
[TimeControl "40/5400+30:1800+30"]

1. e4 {(00:00)} c5 {(00:00)} 2. Nf3 {(00:00)} d6 {(
00:05)} 3. d4 {(00:00)} cxd4 {(00:43)} 4. Nxd4 {(00:00)}
Nf6 {(00:11)} 5. Nc3 {(00:00)} Nc6 {(00:06)} 6. Bc4 {
(00:48)} Qb6 {(02:30)} 7. Nxc6 {(00:29)} bxc6 {(00:
09)} 8. O-O {(00:24)} g6 {(01:53)} 9. e5 {(01:47)} dxe5 {
(01:02)} 10. Qe2 {(00:09)} Qd4 {(04:01)} 11. Be3 {(
01:24)} Qd6 {(01:50)} 12. Rad1 {(00:15)} Qc7 {(05:08)} 13.
f4 {(05:06)} Bg4 {(00:25)} 14. Qf2 {(00:27)} Bxd1 {
(08:35)} 15. fxe5 {(02:50)} Qxe5 {(01:48)} 16. Bd4 {
(04:26)} Qd6 {(28:55)} 17. Bxf6 {(26:43)} Qxf6 {(
01:25)} 18. Qc5 {(04:06)} e5 {(20:55)} 19. Bxf7+ {(08:38)}
Qxf7 {(13:46)} 20. Qxc6+ {(07:52)} Qd7 {(00:02)} 21. Qxa8+
{(01:09)} Qd8 {(01:35)} 22. Qxd8+ {(03:32)} Kxd8 {(
00:01)} 23. Rxd1+ {(00:05)} Kc7 {(02:27)} 24. Rd5 {(03:30]
} Bg7 {(00:47)} 25. Ne4 {(01:22)} Rf8 {(02:47)} 26. b3 {
(07:27)} Kc6 {(01:13)} 27. c4 {(04:35)} Bh6 {(00:
19)} 28. g3 {(01:01)} Be3+ {(00:01)} 29. Kg2 {(00:16)} Bd4
{(00:03)} 30. b4 {(02:00)} Kc7 {(01:38)} 31. a4 {(
01:58)} Rb8 {(00:37)} 32. b5 {(01:34)} Kb6 {(00:24)} 33.
Rd6+ {(07:57)} Ka5 {(00:27)} 34. Ra6+ {(00:02)} Kb4 {
(00:09)} 35. c5 {(00:09)} Rb7 {(00:29)} 36. Kf3 {(
03:34)} Bxc5 {(00:39)} 37. Nxc5 {(00:51)} Kxc5 {(00:02)}
38. Ke4 {(00:15)} Re7 {(00:26)} 39. h4 {(00:59)} Kb4 {
(00:36)} 40. g4 {(00:00)} Kc5 {(00:00)} 41. g5 {(
03:53)} Kb4 {(01:25)} 42. b6 {(03:17)} axb6 {(00:35)} 43.
Rxb6+ {(00:06)} Kxa4 {(00:27)} 44. Rd6 {(03:14)} Kb5 {
(08:51)} 45. Rd5+ {(08:41)} Kc6 {(01:33)} 46. Rxe5 {
(00:28)} Ra7 {(02:56)} 47. Kf4 {(01:43)} Kd6 48. Ke4 Re7
49. Rxe7 Kxe7 50. Ke5 h6 51. gxh6 Kf7 52. h7 Kg7 1/2-1/2

[Event "42nd Olympiad Baku 2016 Women"]
[Site "Baku"]
[Date "2016.09.04"]
[Round "3.15"]
[White "Diaz, Luisa Fernanda"]
[Black "Stojanovic, Marija R"]
[Result "0-1"]
[ECO "C13"]
[WhiteElo "1852"]
[BlackElo "2127"]
[Annotator ""]
[PlyCount "106"]
[EventDate "2016.??.??"]
[EventCountry "AZE"]
[SourceTitle "playchess.com"]
[Source "ChessBase"]
[WhiteTeam "GUA"]
[BlackTeam "MNE"]
[WhiteTeamCountry "COL"]
[BlackTeamCountry "MNE"]
[TimeControl "40/5400+30:1800+30"]

1. e4 {(00:00)} e6 {(00:09)} 2. d4 {(00:00)} d5 {(
00:22)} 3. Nc3 {(00:09)} Nf6 {(01:21)} 4. Bg5 {(00:35)}
dxe4 {(00:20)} 5. Nxe4 {(00:16)} Be7 {(00:36)} 6. Nxf6+ {
(02:43)} Bxf6 {(01:10)} 7. Bxf6 {(00:46)} Qxf6 {(
00:17)} 8. Nf3 {(02:24)} O-O {(03:44)} 9. Bd3 {(06:18)}
Nd7 {(06:21)} 10. Qe2 {(13:15)} c5 {(12:39)} 11. Qe4 {
(08:30)} g6 {(02:37)} 12. O-O-O {(17:39)} cxd4 {(
10:37)} 13. Qxd4 {(00:19)} Qxd4 {(03:18)} 14. Nxd4 {(00:
08)} Nc5 {(02:46)} 15. Bc4 {(07:16)} Rd8 {(15:59)} 16. Nb5
{(09:38)} Bd7 {(06:32)} 17. Nd6 {(02:32)} Bc6 {(01:
20)} 18. f3 {(00:19)} a6 {(06:15)} 19. Rd2 {(06:55)} b5 {
(04:13)} 20. Be2 {(00:12)} Bd5 {(00:50)} 21. c4 {(
05:06)} Rxd6 {(00:40)} 22. cxd5 {(00:14)} exd5 {(00:39)}
23. Rc2 {(06:12)} Ne6 {(00:54)} 24. Rd1 {(01:33)} Rad8 {
(00:55)} 25. g3 {(01:54)} Kf8 {(02:59)} 26. a3 {(
01:55)} Ke7 {(00:49)} 27. b3 {(00:22)} Kd7 {(00:48)} 28.
Rcd2 {(03:17)} Kc6 {(00:57)} 29. Rc2+ {(00:34)} Kb6 {
(00:22)} 30. Kb2 {(01:34)} R6d7 {(02:37)} 31. b4 {(
01:28)} Rc7 {(00:41)} 32. Rxc7 {(00:52)} Nxc7 {(00:05)}
33. Bd3 {(00:15)} Re8 {(01:40)} 34. Kc2 {(00:07)} Re3 {
(01:04)} 35. Kd2 {(00:13)} Rxf3 {(00:28)} 36. Ke2 {
(01:11)} Rf6 {(00:12)} 37. Ke3 {(00:57)} Rd6 {(01:
54)} 38. Rf1 {(00:34)} f6 {(00:18)} 39. Kd2 {(00:30)} f5 {
(03:19)} 40. h4 {(00:00)} d4 {(00:00)} 41. h5 {(03:
09)} Nd5 {(04:28)} 42. hxg6 {(01:23)} hxg6 {(00:06)} 43.
Rh1 {(00:31)} Ne3 {(01:39)} 44. a4 {(03:59)} bxa4 {
(04:12)} 45. Ra1 {(00:09)} a5 {(01:03)} 46. Rxa4 {(
02:50)} axb4 {(01:48)} 47. Rxb4+ {(00:07)} Kc7 {(00:23)}
48. Ra4 {(02:43)} Kd7 {(01:23)} 49. Ke2 {(02:03)} Ke6 {
(00:53)} 50. Kf3 {(01:11)} Kf6 {(01:03)} 51. Rb4 {(
01:31)} Ng4 {(00:48)} 52. Ke2 {(06:00)} Ne5 {(00:22)} 53.
Ra4 {(00:19)} Kg5 {(01:45)} 0-1

[Event "42nd Olympiad Baku 2016 Women"]
[Site "Baku"]
[Date "2016.09.04"]
[Round "3.23"]
[White "Dierckens, Sarah"]
[Black "Dovchin, Bolortungalag"]
[Result "1-0"]
[ECO "B34"]
[WhiteElo "1830"]
[BlackElo "1544"]
[Annotator ""]
[PlyCount "75"]
[EventDate "2016.??.??"]
[EventCountry "AZE"]
[SourceTitle "playchess.com"]
[Source "ChessBase"]
[WhiteTeam "Belgium"]
[BlackTeam "Korea"]
[WhiteTeamCountry "BEL"]
[BlackTeamCountry "KOR"]
[TimeControl "40/5400+30:1800+30"]

1. e4 {(00:00)} c5 {(00:00)} 2. Nf3 {(00:00)} Nc6 {
(00:00)} 3. d4 {(00:00)} cxd4 {(00:00)} 4. Nxd4 {(
00:03)} g6 {(00:17)} 5. Nc3 {(00:58)} Bg7 {(00:11)} 6. Be3
{(00:53)} Nf6 {(01:35)} 7. f3 {(01:44)} d6 {(03:06]
} 8. Qd2 {(00:53)} Bd7 {(00:49)} 9. O-O-O {(00:26)} O-O {
(01:49)} 10. g4 {(04:22)} Rc8 {(02:19)} 11. h4 {(
00:22)} Na5 {(07:20)} 12. h5 {(03:39)} Nc4 {(01:20)} 13.
Bxc4 {(00:08)} Rxc4 {(00:10)} 14. hxg6 {(01:40)} fxg6 {
(00:28)} 15. Nb3 {(18:01)} Be6 {(34:08)} 16. e5 {(
05:05)} Ne8 {(09:02)} 17. Qh2 {(04:46)} Rxf3 {(15:32)} 18.
Qxh7+ {(02:21)} Kf8 {(00:32)} 19. Rhf1 {(02:40)} Bxg4 {
(09:38)} 20. Rxf3+ {(04:15)} Bxf3 {(00:10)} 21. Rf1 {
(03:07)} Bxe5 22. Rxf3+ {(00:38)} Bf6 {(06:15)} 23. Bh6+ {
(00:19)} Ng7 {(00:09)} 24. Qxg7+ {(02:30)} Ke8 {(
00:10)} 25. Qg8+ {(00:08)} Kd7 {(00:12)} 26. Qxc4 {(00:07]
} Qh8 {(01:08)} 27. Qg4+ {(01:21)} Kd8 {(00:47)} 28. Qxg6
{(00:38)} a6 {(01:59)} 29. Rg3 {(03:31)} Kd7 {(01:
09)} 30. Qg4+ {(01:44)} Kc7 {(00:16)} 31. Rh3 {(01:50)}
Qe8 {(02:07)} 32. Nd5+ {(00:30)} Kb8 {(00:29)} 33. Nxf6 {
(01:13)} exf6 {(00:12)} 34. Be3 {(02:11)} Qe5 {(01:
25)} 35. Rh8+ {(01:38)} Kc7 {(00:10)} 36. Qc4+ {(00:17)}
Kd7 {(00:24)} 37. Qc8+ {(00:22)} Ke7 {(00:10)} 38. Qe8# {
(00:18)} 1-0

[Event "42nd Olympiad Baku 2016 Women"]
[Site "Baku"]
[Date "2016.09.04"]
[Round "3.12"]
[White "Domarkaite, Laima"]
[Black "Llaudy Pupo, Lisandra"]
[Result "1/2-1/2"]
[ECO "B07"]
[WhiteElo "2161"]
[BlackElo "2269"]
[Annotator ""]
[PlyCount "105"]
[EventDate "2016.??.??"]
[EventCountry "AZE"]
[SourceTitle "playchess.com"]
[Source "ChessBase"]
[WhiteTeam "Lithuania"]
[BlackTeam "Cuba"]
[WhiteTeamCountry "LTU"]
[BlackTeamCountry "CUB"]
[TimeControl "40/5400+30:1800+30"]

1. e4 {(00:00)} d6 {(00:00)} 2. d4 {(00:00)} Nf6 {(
00:14)} 3. Nc3 {(00:04)} c6 {(00:19)} 4. f4 {(01:33)} Qa5
{(00:21)} 5. Bd3 {(01:30)} e5 {(00:23)} 6. Nf3 {(
00:49)} Nbd7 {(00:23)} 7. O-O {(08:23)} Be7 {(00:30)} 8.
Kh1 {(03:52)} O-O {(01:48)} 9. Qe1 {(02:00)} Qc7 {(
00:29)} 10. a4 {(06:50)} exd4 {(06:51)} 11. Nxd4 {(01:35)}
Re8 {(02:32)} 12. Bd2 {(15:59)} a6 {(20:40)} 13. Qg3 {
(08:03)} Bf8 {(08:26)} 14. Nf3 {(15:02)} Nc5 {(02:
55)} 15. e5 {(11:42)} Nxd3 {(11:49)} 16. cxd3 {(01:22)}
Nd5 {(16:57)} 17. Ne4 {(01:01)} Bf5 {(01:28)} 18. a5 {
(03:09)} Qd7 {(01:56)} 19. Rae1 {(01:10)} Rad8 {(
04:43)} 20. d4 {(02:36)} Bxe4 {(08:06)} 21. Rxe4 {(00:03)}
c5 {(00:57)} 22. Qe1 {(03:56)} f5 {(05:42)} 23. Re2 {
(01:22)} Nc7 {(00:46)} 24. Bc3 {(01:22)} Ne6 {(01:
34)} 25. d5 {(03:18)} Nxf4 {(00:13)} 26. e6 {(00:18)} Qb5
{(00:59)} 27. Rd2 {(01:11)} Qc4 {(00:20)} 28. Qd1 {
(01:01)} Be7 {(00:27)} 29. g3 {(01:36)} Ng6 {(01:
45)} 30. Rdf2 {(00:58)} Rf8 {(00:10)} 31. Kg2 {(01:54)} f4
{(00:28)} 32. g4 {(00:28)} Qe4 {(00:25)} 33. Kg1 {(
00:54)} Rde8 {(01:18)} 34. Re2 {(00:42)} Qc4 {(00:05)} 35.
Qd2 {(00:37)} Rb8 {(00:38)} 36. Rfe1 {(00:46)} b5 {
(00:49)} 37. axb6 {(00:23)} Rxb6 {(00:01)} 38. Re4 {
(00:15)} Qb5 {(00:38)} 39. h4 {(00:40)} Nxh4 {(00:
53)} 40. Nxh4 {(00:00)} Bxh4 {(00:00)} 41. Rxf4 {(14:54)}
Rbb8 {(23:22)} 42. Ref1 {(04:50)} Bf6 {(06:13)} 43. Bxf6 {
(07:38)} gxf6 {(00:44)} 44. R4f2 {(02:08)} Qb3 {(
00:47)} 45. g5 {(01:42)} f5 {(00:18)} 46. Rg2 {(01:28)} f4
{(01:51)} 47. g6 {(01:19)} Qe3+ {(00:44)} 48. Qxe3 {
(00:45)} fxe3 {(00:01)} 49. gxh7+ {(00:43)} Kxh7 {(
00:21)} 50. Rh2+ {(00:25)} Kg7 {(00:10)} 51. Rg2+ {(00:12]
} Kh7 {(00:12)} 52. Rh2+ {(00:03)} Kg7 {(00:10)} 53. Rg2+
1/2-1/2

[Event "42nd Olympiad Baku 2016 Women"]
[Site "Baku"]
[Date "2016.09.04"]
[Round "3.1"]
[White "dos Ramos, Rosangela"]
[Black "Caruana Pulpan, Oana"]
[Result "1/2-1/2"]
[ECO "B30"]
[WhiteElo "1821"]
[BlackElo "1894"]
[Annotator ""]
[PlyCount "98"]
[EventDate "2016.??.??"]
[EventCountry "AZE"]
[SourceTitle "playchess.com"]
[Source "ChessBase"]
[WhiteTeam "Surinam"]
[BlackTeam "Malta"]
[WhiteTeamCountry "SUR"]
[BlackTeamCountry "MLT"]
[TimeControl "40/5400+30:1800+30"]

1. e4 {(00:00)} c5 {(00:00)} 2. Nf3 {(00:00)} Nc6 {
(00:00)} 3. d3 {(00:00)} g6 {(00:00)} 4. g3 {(00:
00)} Bg7 {(00:00)} 5. Bg2 {(00:05)} d5 {(00:00)} 6. Nbd2 {
(02:14)} Nf6 {(02:40)} 7. O-O {(00:24)} O-O {(00:
03)} 8. Re1 {(00:44)} dxe4 {(00:49)} 9. dxe4 {(00:09)} Qc7
{(01:15)} 10. c3 {(01:46)} e5 {(02:32)} 11. Qe2 {(
02:42)} h6 {(00:29)} 12. b3 {(06:59)} Be6 {(01:05)} 13.
Bb2 {(01:33)} Rad8 {(01:14)} 14. Nc4 {(22:51)} Rd7 {
(03:51)} 15. Rad1 {(03:21)} Rfd8 {(00:10)} 16. Rxd7 {
(00:15)} Rxd7 {(00:14)} 17. h3 {(17:37)} b5 {(01:
49)} 18. Na3 {(03:41)} a6 {(04:09)} 19. Bf1 {(01:55)} Qa5
{(05:50)} 20. Ra1 {(02:16)} Bf8 {(01:58)} 21. c4 {(
05:42)} Nd4 {(03:49)} 22. Qd3 {(06:41)} bxc4 {(07:43)} 23.
Nxc4 {(02:15)} Bxc4 {(00:26)} 24. bxc4 {(00:12)} Rb7 {
(09:49)} 25. Bc3 {(02:32)} Qc7 {(00:19)} 26. Bg2 {(
03:11)} Qb8 {(02:02)} 27. Kh2 {(01:24)} Bd6 {(11:02)} 28.
Rc1 {(00:58)} Nh7 {(05:03)} 29. Qe3 {(02:59)} Bf8 {
(02:42)} 30. Qd3 {(01:38)} Nf6 {(00:18)} 31. Nh4 {(
01:09)} Nh5 {(07:51)} 32. Qd1 {(01:53)} Be7 {(01:12)} 33.
Qg4 {(01:43)} Bxh4 {(02:21)} 34. Qxh4 {(00:56)} Ne2 {
(08:03)} 35. Rd1 {(01:51)} Kg7 {(08:16)} 36. Ba1 {(
02:40)} f6 {(01:20)} 37. Qg4 {(00:23)} Nd4 {(01:30)} 38.
Rc1 {(00:13)} Kh7 {(02:54)} 39. Qd1 {(00:38)} Ng7 {
(00:21)} 40. Qa4 {(00:00)} Nge6 {(00:00)} 41. Qd1 {
(08:37)} Kg7 {(05:50)} 42. Bc3 {(00:28)} Kf7 {(03:
11)} 43. h4 {(02:41)} h5 {(02:27)} 44. Bh3 {(00:48)} Rb6 {
(03:08)} 45. Bg2 {(05:43)} Kg7 {(02:25)} 46. Bh3 {(
03:19)} Kf7 {(01:27)} 47. Bg2 {(00:06)} Kg7 {(03:59)} 48.
Bh3 {(00:04)} Qb7 {(00:36)} 49. Bg2 {(00:11)} Kf7 {
(02:17)} 1/2-1/2

[Event "42nd Olympiad Baku 2016 Women"]
[Site "Baku"]
[Date "2016.09.04"]
[Round "3.14"]
[White "Efroimski, Marsel"]
[Black "Pavlidou, Ekaterini"]
[Result "1-0"]
[ECO "B48"]
[WhiteElo "2322"]
[BlackElo "2140"]
[Annotator ""]
[PlyCount "65"]
[EventDate "2016.??.??"]
[EventCountry "AZE"]
[SourceTitle "playchess.com"]
[Source "ChessBase"]
[WhiteTeam "Israel"]
[BlackTeam "Greece"]
[WhiteTeamCountry "ISR"]
[BlackTeamCountry "GRE"]
[TimeControl "40/5400+30:1800+30"]

1. e4 {(00:00)} c5 {(00:00)} 2. Nf3 {(00:00)} e6 {(
00:30)} 3. d4 {(00:00)} cxd4 {(00:12)} 4. Nxd4 {(00:00)}
Nc6 {(01:11)} 5. Nc3 {(00:00)} Qc7 {(00:30)} 6. Be3 {
(01:38)} a6 {(00:16)} 7. f4 {(06:40)} b5 {(02:00)}
8. Nxc6 {(02:44)} Qxc6 {(01:47)} 9. Bd3 {(00:47)} Bc5 {
(05:54)} 10. Qe2 {(08:50)} Bxe3 {(06:20)} 11. Qxe3 {
(00:09)} Ne7 {(00:56)} 12. O-O-O {(09:33)} Bb7 {(
02:57)} 13. Qg3 {(12:19)} b4 {(07:12)} 14. Ne2 {(01:20)}
O-O {(04:26)} 15. h4 {(08:50)} Qb6 {(09:15)} 16. h5 {
(03:44)} a5 {(13:36)} 17. f5 {(08:34)} exf5 {(10:
56)} 18. h6 {(02:28)} Qf6 {(05:23)} 19. hxg7 {(15:40)}
Qxg7 {(00:07)} 20. exf5 {(04:11)} Qxg3 {(00:34)} 21. Nxg3
{(00:03)} f6 {(01:35)} 22. Rhe1 {(04:39)} Kf7 {(00:
51)} 23. Be2 {(02:41)} Rfd8 {(01:06)} 24. Rd6 {(02:32)}
Nc8 {(00:53)} 25. Rd4 {(01:35)} d5 {(01:01)} 26. Rh4 {
(01:32)} Rh8 {(00:23)} 27. Reh1 {(01:19)} Kg7 {(08:
32)} 28. Nh5+ {(00:11)} Kf7 {(00:30)} 29. Nf4 {(00:08)}
Ba6 {(06:09)} 30. Bxa6 {(00:38)} Rxa6 {(00:11)} 31. Ng6 {
(01:50)} Rg8 {(00:10)} 32. Rxh7+ {(00:03)} Rg7 {(
00:06)} 33. Rh8 {(00:05)} 1-0

[Event "42nd Olympiad Baku 2016 Women"]
[Site "Baku"]
[Date "2016.09.04"]
[Round "3.16"]
[White "Elansary, Eman"]
[Black "Chung, Yaleika"]
[Result "1/2-1/2"]
[ECO "D15"]
[WhiteElo "1949"]
[BlackElo "1797"]
[Annotator ""]
[PlyCount "60"]
[EventDate "2016.??.??"]
[EventCountry "AZE"]
[SourceTitle "playchess.com"]
[Source "ChessBase"]
[WhiteTeam "Egypt"]
[BlackTeam "Panama"]
[WhiteTeamCountry "EGY"]
[BlackTeamCountry "PAN"]
[TimeControl "40/5400+30:1800+30"]

1. d4 {(00:00)} d5 {(00:00)} 2. c4 {(00:00)} c6 {(
00:00)} 3. Nc3 {(00:05)} Nf6 {(00:01)} 4. Nf3 {(00:28)}
dxc4 {(00:43)} 5. e4 {(00:29)} Bg4 {(01:42)} 6. Bxc4 {
(01:47)} e6 {(00:11)} 7. a3 {(01:36)} Nbd7 {(02:55]
} 8. O-O {(08:18)} Be7 {(04:51)} 9. Bf4 {(02:13)} Qb6 {
(02:23)} 10. h3 {(08:35)} Bh5 {(06:59)} 11. Re1 {(
04:29)} Qd8 {(19:16)} 12. Qc2 {(04:48)} Nb6 {(06:09)} 13.
Be2 {(02:20)} O-O {(01:56)} 14. Rad1 {(00:31)} Rc8 {
(02:24)} 15. g4 {(13:46)} Bg6 {(07:13)} 16. Ne5 {(
02:09)} Nfd7 {(03:58)} 17. Nxg6 {(04:27)} hxg6 {(00:54)}
18. Bg3 {(02:34)} Bh4 {(00:23)} 19. Bd6 {(04:35)} Be7 {
(02:49)} 20. Bg3 {(02:09)} Bh4 {(00:06)} 21. Kg2 {(
01:20)} Bxg3 {(01:29)} 22. fxg3 {(01:02)} Qc7 {(01:13)}
23. e5 {(02:01)} Nd5 {(03:50)} 24. Bf3 {(02:24)} Nxc3 {
(02:02)} 25. Qxc3 {(00:59)} Nb6 {(00:35)} 26. Rc1 {
(04:39)} Qd7 {(03:07)} 27. Rcd1 {(07:11)} Nd5 {(03:
39)} 28. Qc5 {(02:29)} b6 {(02:52)} 29. Qc4 {(00:32)} Rfd8
{(04:53)} 30. Kf2 {(01:25)} c5 {(03:06)} 1/2-1/2